[Event "Early-Titled-Tuesday-Blitz-May-14-2024"]
[Site "Chess.com"]
[Date "2024.05.14"]
[Round "1"]
[White "subham777"]
[Black "baki83"]
[Result "0-1"]
[WhiteElo "2528"]
[BlackElo "2946"]
[TimeControl "180+1"]
[EndTime "8:07:36 PDT"]
[Termination "baki83 won by resignation"]

1. e4 c5 2. Nf3 d6 3. d4 cxd4 4. Qxd4 Nf6 5. e5 Nc6 6. Bb5 dxe5 7. Qxd8+ Kxd8 8. Bxc6 bxc6 9. Nxe5 Ke8 10. Nc3 Bb7 11. Be3 Nd5 12. Bd2 f6 13. Nd3 e5 14. O-O-O Nxc3 15. Bxc3 c5 16. f3 Be7 17. Rhe1 Rd8 18.
Nf2 Kf7 19. Ne4 h5 20. Rxd8 Rxd8 21. Rd1 Rxd1+ 22. Kxd1 Ke6 23. Bd2 f5 24. Nf2 g5 25. h3 Ba6 26. Ke1 Kd5 27. Nh1 g4 28.
fxg4 hxg4 29. hxg4 fxg4 30. Kf2 Bh4+ 31. g3 Bf6 32. Kg2 Be2 33. Nf2 e4 34. c3 a5 35. Bf4 a4 36. Nh1 Bf3+ 37. Kg1 a3 38. bxa3 Bxc3 39. Nf2 Be2 40. Be3 Bd4 41. Bf4 e3 42. Nxg4 Bxg4 43. Kf1 Ke4 44. Ke1 Bc3+ 45. Kf1 e2+ 0-1

[Event "Early-Titled-Tuesday-Blitz-May-14-2024"]
[Site "Chess.com"]
[Date "2024.05.14"]
[Round "1"]
[White "ItsCheckM8Mate"]
[Black "KogotBobra17"]
[Result "0-1"]
[WhiteElo "2367"]
[BlackElo "2689"]
[TimeControl "180+1"]
[EndTime "8:07:36 PDT"]
[Termination "KogotBobra17 won on time"]

1. d4 Nf6 2. Nc3 d5 3. Bf4 c5 4. e3 cxd4 5. exd4 Bg4 6. Be2 Bxe2 7. Qxe2 a6 8. Nf3 e6 9. O-O Be7 10. Ne5 O-O 11. Rad1 Nbd7 12. Rd3 Qb6 13. Rfd1 Nxe5 14. Bxe5 Nd7 15. Rg3 f6 16. Bf4 Rf7 17. b3 Rc8 18. h4 Nf8 19. h5 Kh8 20. Qg4 Qc6 21. Rdd3 Qd7 22. Bh6 Bd6 23. Bf4 Bb4 24. Kh2 b5 25.
Kh1 Be7 26. Bh6 Bd6 27. Bf4 b4 28. Bxd6 Qxd6 29. Na4 Rxc2 30. Nc5 Rxa2 31. Rde3 e5 32. dxe5 Qxc5 33. exf6 Qc1+ 34. Kh2 Qb2 35. Re8 Qxf6 36. Rf3 Rxf2 37. Rxf6 R2xf6 38. Qc8 h6 39. Qd8 Rf5 0-1

[Event "Early-Titled-Tuesday-Blitz-May-14-2024"]
[Site "Chess.com"]
[Date "2024.05.14"]
[Round "1"]
[White "Djager97"]
[Black "Msb2"]
[Result "0-1"]
[WhiteElo "2543"]
[BlackElo "3056"]
[TimeControl "180+1"]
[EndTime "8:07:37 PDT"]
[Termination "Msb2 won on time"]

1. e4 e6 2. d4 d5 3. Nc3 Nf6 4. Bg5 dxe4 5. Nxe4 Be7 6. Nxf6+ Bxf6 7. Bxf6 Qxf6 8.
Nf3 O-O 9. Bd3 c5 10. O-O cxd4 11. Nxd4 e5 12. Nb3 Nc6 13. Qe2 Bf5 14. c3 Bxd3 15.
Qxd3 Rad8 16. Qe3 Rd6 17. Nc5 Qe7 18. Ne4 Rd5 19. Rad1 Rfd8 20. Rxd5 Rxd5 21. g3 f5 22. Nd2 Qc5 23. Qxc5 Rxc5 24. Rd1 Rd5 25. Kf1 e4 26. Ke2 Ne5 27. Rf1 Nd3 28. b3 Rc5 29. c4 Nb4 30.
f3 exf3+ 31. Nxf3 b5 32. cxb5 Rc2+ 33. Ke3 Rxa2 34. Rd1 Rb2 35. Rd8+ Kf7 36. Nd4 Ra2 37. Nxf5 Kf6 38. Rf8+ Ke5 39. Nxg7 Rb2 40. Rf5+ Kd6 41.
Rf6+ Ke7 42. Rh6 Kf7 43. Nf5 Rxb3+ 44. Ke4 Rb1 45. Rxh7+ Kg6 46. Rg7+ Kf6 47. g4 Re1+ 48. Kd4 Nc2+ 49. Kc5 Re5+ 50. Kd6 Rxf5 51. gxf5 Kxg7 52. Ke7 Nd4 53. f6+ Kg6 54. f7 Nf5+ 55. Ke8 Nd6+ 56. Kd7 Nxf7 57. Kc7 Kh5 0-1

[Event "Early-Titled-Tuesday-Blitz-May-14-2024"]
[Site "Chess.com"]
[Date "2024.05.14"]
[Round "1"]
[White "djano"]
[Black "ChristopherYoo"]
[Result "0-1"]
[WhiteElo "2539"]
[BlackElo "3001"]
[TimeControl "180+1"]
[EndTime "8:07:37 PDT"]
[Termination "ChristopherYoo won on time"]

1. e4 e5 2. Nf3 Nc6 3. d4 exd4 4.
Nxd4 Bc5 5. Nb3 Bb6 6. Nc3 Nf6 7. Bg5 O-O 8. Qe2 h6 9. Bh4 a5 10. Nd5 g5 11. Nxb6 cxb6 12. Bg3 a4 13. Nd2 d5 14. e5 a3 15. b3 Nb4 16. Nf3 Qc7 17. Rc1 Nxa2 18. exf6 Qc3+ 19. Kd1 Nxc1 20. Qe5 Na2 21.
Bd3 Qxe5 22. Bxe5 Nb4 23. Kd2 Nxd3 24. cxd3 Bg4 25. Nd4 Rfe8 26. f4 gxf4 27. Bxf4 a2 28. Ra1 Kh7 29. h3 Bd7 30. Kc3 Kg6 31. Kb2 h5 32. Rxa2 Rxa2+ 33. Kxa2 Kxf6 34. Kb2 Rg8 35. g3 Bxh3 36. Nf3 Bg4 37. Ne5 Be6 38. d4 Kf5 39. Nd3 Ke4 40. Nf2+ Kf3 41. Nd3 h4 42. gxh4 Bf5 43. Ne5+ Kxf4 0-1

[Event "Early-Titled-Tuesday-Blitz-May-14-2024"]
[Site "Chess.com"]
[Date "2024.05.14"]
[Round "1"]
[White "brunomorado"]
[Black "MatyChess1"]
[Result "1/2-1/2"]
[WhiteElo "2363"]
[BlackElo "2659"]
[TimeControl "180+1"]
[EndTime "8:07:37 PDT"]
[Termination "Game drawn by repetition"]

1. d4 Nf6 2. Nc3 d5 3. Bg5 c6 4. Qd3 g6 5. f3 Na6 6. e4 Bg7 7.
e5 Bf5 8. Qd2 Nd7 9. Bxa6 bxa6 10. Nge2 f6 11. exf6 exf6 12. Bf4 O-O 13. Na4 Re8 14.
O-O Nb6 15. Nxb6 axb6 16. Ng3 Be6 17. Rfe1 Ra7 18. Re2 Rae7 19. Rae1 a5 20. h4 Qd7 21.
h5 g5 22. Be3 h6 23. Bf2 Bf8 24. Qd3 Bf7 25. Rxe7 Rxe7 26. Rxe7 Qxe7 27. Nf5 Qb4 28. Bg3 Bxh5 29. c3 Qxb2 30. Bd6 Qc1+ 31. Kf2 Bxd6 32.
Nxd6 Qf4 33. Nc8 b5 34. Ne7+ Kg7 35. Nxc6 Qd6 36. Qxb5 Be8 37. Qb7+ Kg6 38. Ne7+ Kh5 39. Nf5 Qf4 40. Ng7+ Kg6 41. Nxe8 Qd2+ 42. Kg3 Qf4+ 43. Kf2 Qd2+ 44. Kg1 Qe1+ 45. Kh2 Qh4+ 46. Kg1 Qe1+ 47. Kh2 Qh4+ 48. Kg1 Qe1+ 1/2-1/2

[Event "Early-Titled-Tuesday-Blitz-May-14-2024"]
[Site "Chess.com"]
[Date "2024.05.14"]
[Round "1"]
[White "JanMur7"]
[Black "Artemiki"]
[Result "1-0"]
[WhiteElo "2289"]
[BlackElo "2592"]
[TimeControl "180+1"]
[EndTime "8:07:37 PDT"]
[Termination "JanMur7 won on time"]

1. c4 c5 2. Nc3 Nc6 3. g3 g6 4.
Bg2 Bg7 5. e3 d6 6. Nge2 h5 7. h4 Nf6 8. O-O O-O 9. b3 e5 10. Bb2 Be6 11. Nd5 Bxd5 12. cxd5 Ne7 13. e4 Nd7 14. f4 exf4 15. Bxg7 Kxg7 16. Nxf4 Ne5 17. d4 cxd4 18. Qxd4 Qb6 19. Qxb6 axb6 20. a4 Rfc8 21. Rac1 Rc5 22. Bh3 Ng8 23. Rxc5 bxc5 24. Ne2 Nf6 25. Nc3 c4 26. bxc4 Nxc4 27. Rb1 Re8 28.
Rxb7 Nxe4 29. Be6 Nxc3 30. Rxf7+ Kh8 31. Rc7 Ne2+ 32. Kf2 Nd4 33. Rxc4 Nxe6 34. dxe6 Rxe6 35. Rd4 Kg7 36. a5 Kf6 37. Rd5 Ke7 38. a6 Rf6+ 39.
Ke3 Rf8 40. Ra5 Ke6 41. a7 Ra8 42. Ke4 d5+ 43. Kd4 Kf5 44. Kxd5 Kg4 45. Ra3 Rxa7 46. Rxa7 1-0

[Event "Early-Titled-Tuesday-Blitz-May-14-2024"]
[Site "Chess.com"]
[Date "2024.05.14"]
[Round "1"]
[White "GrotBchess"]
[Black "KuzubovYuriy"]
[Result "0-1"]
[WhiteElo "2528"]
[BlackElo "2947"]
[TimeControl "180+1"]
[EndTime "8:07:38 PDT"]
[Termination "KuzubovYuriy won by resignation"]

1. e4 c5 2. Nf3 Nc6 3. d4 cxd4 4. Nxd4 g6 5. c4 Nf6 6. Nc3 d6 7. Be2 Bg7 8. Be3 O-O 9. O-O Nxd4 10. Bxd4 Bd7 11. Qd2 Bc6 12. Bd3 a5 13. Rae1 a4 14.
Re3 Ng4 15. Rg3 Bxd4 16. Rxg4 e6 17. Rg3 Qf6 18. Rf3 Qe5 19. Rh3 a3 20. Ne2 Bxb2 21. f4 Qa5 22. Qc2 b5 23. f5 bxc4 24. Bxc4 Qc5+ 25.
Kh1 d5 26. f6 dxc4 27. Qd2 h5 28. Qh6 Bxf6 29. Rxf6 Qe5 30. Rf1 Rad8 31. Nf4 Qg7 32.
Qg5 Bxe4 33. Rg3 Rd5 34. Qe7 Rf5 35. Qd6 c3 36. Qd1 c2 37. Qc1 h4 38. Rg4 h3 39.
Nxh3 Rxf1+ 40. Qxf1 Rc8 41. Qc1 Qb2 42. Qg1 c1=Q 0-1

[Event "Early-Titled-Tuesday-Blitz-May-14-2024"]
[Site "Chess.com"]
[Date "2024.05.14"]
[Round "1"]
[White "Kombinator01"]
[Black "vaishali2001"]
[Result "0-1"]
[WhiteElo "2377"]
[BlackElo "2690"]
[TimeControl "180+1"]
[EndTime "8:07:39 PDT"]
[Termination "vaishali2001 won on time"]

1. d4 Nf6 2. Bf4 d5 3. e3 Bf5 4. Nd2 e6 5. Ngf3 Bd6 6. Ne5 Nbd7 7. Bb5 c6 8. Bd3 Bxd3 9. cxd3 Qc7 10. Ndf3 O-O 11.
O-O Nh5 12. Nxd7 Qxd7 13. Bxd6 Qxd6 14. e4 dxe4 15. dxe4 Nf4 16. Qd2 Ng6 17. Rfd1 Rad8 18. g3 Qc7 19. Qe3 a6 20. Rac1 Qb6 21. b3 Rfe8 22. e5 Rd5 23. h4 h6 24. Kg2 Red8 25.
g4 Qb4 26. g5 h5 27. Kg3 Ne7 28. Kg2 Nf5 29. Qf4 g6 30. Rc4 Qa3 31. Rd2 R8d7 32. Ra4 Qc1 33. Rc4 Qa3 34. Ra4 Qf8 35. Rc4 Qd8 36. a3 a5 37. b4 axb4 38. axb4 Qb6 39. Ra2 Kg7 40. Ra8 Rd8 41. Rxd8 Rxd8 42. Qe4 Qb5 43. Qd3 Ra8 0-1

[Event "Early-Titled-Tuesday-Blitz-May-14-2024"]
[Site "Chess.com"]
[Date "2024.05.14"]
[Round "1"]
[White "mapleaff"]
[Black "arenal72"]
[Result "0-1"]
[WhiteElo "2306"]
[BlackElo "2630"]
[TimeControl "180+1"]
[EndTime "8:07:39 PDT"]
[Termination "arenal72 won by checkmate"]

1. e4 Nc6 2. Nc3 e6 3. d4 d5 4.
Nf3 Nf6 5. Bg5 dxe4 6. Nxe4 Be7 7. Bxf6 gxf6 8. c3 f5 9. Ng3 h5 10. h4 Bd7 11. Bc4 Na5 12. Bd3 c5 13. dxc5 Qc7 14.
b4 Nc6 15. Qe2 Bf6 16. Rc1 O-O-O 17. O-O Rdg8 18. b5 Ne5 19. c6 bxc6 20. bxc6 Nxf3+ 21.
Qxf3 Bxc6 22. Ba6+ Kd7 23. Rfd1+ Ke7 24. Qe3 Be5 25. Qc5+ Bd6 26. Nxf5+ exf5 27. Rxd6 Rxg2+ 28. Kf1 Qxd6 29. Re1+ Be4 30. Rxe4+ fxe4 31. Qxa7+ Kf6 32. Kxg2 Rg8+ 33. Kh3 Qe6+ 34. Kh2 Qd6+ 35. Kh3 Qe5 36. Qb6+ Kg7 37. Qe3 Kh7 38. Be2 Qf5+ 39. Kh2 Qg6 40. f4 exf3 41. Bxf3 Qg3+ 42. Kh1 Qh3# 0-1

[Event "Early-Titled-Tuesday-Blitz-May-14-2024"]
[Site "Chess.com"]
[Date "2024.05.14"]
[Round "1"]
[White "OparinGrigoriy"]
[Black "jaskol95"]
[Result "1/2-1/2"]
[WhiteElo "2975"]
[BlackElo "2542"]
[TimeControl "180+1"]
[EndTime "8:07:41 PDT"]
[Termination "Game drawn - insufficient material"]

1. Nc3 Nf6 2. e4 d6 3. d4 g6 4.
f4 Bg7 5. Nf3 c6 6. Bd3 Nbd7 7.
e5 Nd5 8. Nxd5 cxd5 9. O-O Nb6 10. Qe1 Bg4 11. h3 Bxf3 12. Rxf3 e6 13. c3 O-O 14. g4 dxe5 15. fxe5 Nc4 16. h4 Qb6 17.
Qf2 Rac8 18. h5 a5 19. a4 Qc7 20. g5 Rfe8 21. Kg2 Qd7 22. Bf4 b5 23. b3 bxa4 24. bxc4 dxc4 25. Be4 Bf8 26. Rh3 a3 27. Bc1 Rb8 28.
Bxa3 Bxa3 29. Rxa3 Qe7 30. Ra2 Qxg5+ 31. Qg3 Qc1 32. hxg6 Rb2+ 33. Rxb2 Qxb2+ 34. Qf2 Qxf2+ 35. Kxf2 fxg6 36. Rh1 Rb8 37. Ra1 Rb3 38. Rxa5 Rxc3 39. Ra7 Rc1 40. Re7 Rd1 41. Rxe6 Rxd4 42. Ke3 Rd1 43.
Rc6 Kf7 44. Bf3 Rc1 45. Bd5+ Ke7 46. Rc7+ Kd8 47. Rxh7 c3 48. e6 c2 49. e7+ Kd7 50.
Bc6+ Kd6 51. Kd2 Re1 52. Kxc2 Rxe7 53. Rh6 Kxc6 54. Rxg6+ Kd5 55. Rg3 Rc7+ 56. Kd3 Ra7 57. Rg5+ Ke6 58. Kd4 Ra4+ 59. Kc3 Rh4 60. Ra5 Rg4 61.
Kd3 Rh4 62. Ke3 Rg4 63. Rh5 Rb4 64. Kf3 Ra4 65. Rg5 Rb4 66. Rg4 Rxg4 67. Kxg4 1/2-1/2

[Event "Early-Titled-Tuesday-Blitz-May-14-2024"]
[Site "Chess.com"]
[Date "2024.05.14"]
[Round "1"]
[White "laurenzchess"]
[Black "Seochesspie"]
[Result "0-1"]
[WhiteElo "2501"]
[BlackElo "2865"]
[TimeControl "180+1"]
[EndTime "8:07:41 PDT"]
[Termination "Seochesspie won on time"]

1. d4 d5 2. c4 c6 3. Nf3 Nf6 4.
Nc3 e6 5. e3 Nbd7 6. Bd3 dxc4 7. Bxc4 b5 8. Bd3 a6 9. O-O c5 10. a4 b4 11. Ne4 Bb7 12. Nxf6+ Nxf6 13. dxc5 Bxc5 14. b3 O-O 15. Bb2 Rc8 16. a5 Bd6 17. Qe2 Ra8 18. e4 Nd7 19. Rfd1 Qe7 20. Bc4 Nc5 21. e5 Bc7 22. Rd4 Rad8 23. Rg4 Kh8 24. Nd4 Bd5 25. Bxa6 Nxa6 26. Qxa6 Ra8 27. Qe2 Rxa5 28.
Rc1 Ra2 29. Rc2 Bb6 30. h4 Qa7 31. Qd3 Qa6 32. Qg3 Rxb2 33. Rxg7 Rxc2 34. Nxc2 Qe2 35. Ne3 Bxe3 36. fxe3 Qh5 37. Rg5 Qh6 38. Qf4 Bxb3 39. Qxb4 Bd5 40. Kh2 Rg8 41. Qf4 Rxg5 0-1

[Event "Early-Titled-Tuesday-Blitz-May-14-2024"]
[Site "Chess.com"]
[Date "2024.05.14"]
[Round "1"]
[White "Schattman"]
[Black "Carolinamazariegos88"]
[Result "1-0"]
[WhiteElo "2549"]
[BlackElo "1681"]
[TimeControl "180+1"]
[EndTime "8:07:41 PDT"]
[Termination "Schattman won on time"]

1. Nf3 c5 2. g3 Nc6 3. c4 g6 4. Bg2 Bg7 5. O-O e6 6. Nc3 Nge7 7. e3 O-O 8. d4 cxd4 9. Nxd4 Nxd4 10. exd4 d5 11. c5 h6 12. Rb1 a6 13. b4 Nc6 14.
Ne2 Bd7 15. Be3 Ne7 16. a4 Nf5 17. Bf4 g5 18. Bc1 b5 19. a5 Bc6 20. Bh3 Qf6 21. Bb2 Qg6 22. Kh1 Rfe8 23. Qd2 Rad8 24. f4 g4 25. Bg2 h5 26. h4 Ne7 27. Rbe1 Bb7 28. Bc3 Nc6 29. f5 exf5 30. Nf4 Bh6 31. Rxe8+ Rxe8 32. Bxd5 Bxf4 33. Qxf4 Bc8 34. Bg2 Ne7 35. d5 Bb7 36. c6 Nxc6 37. dxc6 Bxc6 38. Rf2 Bxg2+ 39. Kxg2 Rc8 40. Qe5 f6 41. Qe6+ 1-0

[Event "Early-Titled-Tuesday-Blitz-May-14-2024"]
[Site "Chess.com"]
[Date "2024.05.14"]
[Round "1"]
[White "kinga2008"]
[Black "Anton_Demchenko"]
[Result "1-0"]
[WhiteElo "2524"]
[BlackElo "2856"]
[TimeControl "180+1"]
[EndTime "8:07:42 PDT"]
[Termination "kinga2008 won by resignation"]

1. e4 e5 2. Nf3 Nc6 3. d4 exd4 4. Bc4 Nf6 5. O-O Nxe4 6. Re1 d5 7. Bxd5 Qxd5 8. Nc3 Qd8 9. Nxe4 Be7 10. Bg5 f6 11.
Bxf6 gxf6 12. Nxf6+ Kf8 13. Ne4 Kg7 14. Ng3 Rf8 15. Qd2 Bg4 16. Ne5 Bg5 17. Qd3 Nxe5 18. Rxe5 Qf6 19. Rae1 Qxf2+ 20. Kh1 Be3 21. Re7+ Rf7 22.
Rxf7+ Qxf7 23. Rf1 Qe6 24. c3 Rf8 25. Rxf8 Kxf8 26.
h3 Bh5 27. Nxh5 dxc3 28. Qxc3 Bh6 29. Qh8+ Ke7 30. Qxh7+ Kd6 31. Qd3+ Kc5 32. Qc3+ Kb5 33. Ng3 Bf4 34. a4+ Kxa4 35. Qd4+ Kb3 36. Qxf4 Kxb2 37.
h4 a5 38. h5 b5 39. h6 a4 40. h7 Qe8 41. Qf6+ Kb3 42. h8=Q Qxh8+ 43. Qxh8 b4 44. Ne4 a3 45. g4 c6 46. g5 a2 47. Qa1 Ka3 48.
g6 b3 49. Nc3 b2 50. Qxa2+ Kb4 51. Qxb2+ Kc4 52. g7 1-0

[Event "Early-Titled-Tuesday-Blitz-May-14-2024"]
[Site "Chess.com"]
[Date "2024.05.14"]
[Round "1"]
[White "Raskolnikov6"]
[Black "js20000"]
[Result "0-1"]
[WhiteElo "2417"]
[BlackElo "2743"]
[TimeControl "180+1"]
[EndTime "8:07:42 PDT"]
[Termination "js20000 won on time"]

1. d4 g6 2. c4 Bg7 3. e4 d6 4. Nc3 a5 5. Nf3 Nf6 6. Be2 Bg4 7. Ng1 Bd7 8. Nf3 Bg4 9. Ng1 Bd7 10. Nf3 O-O 11. O-O Bg4 12. Be3 Nc6 13. d5 Bxf3 14.
Bxf3 Ne5 15. Be2 h5 16. h3 c5 17. f4 Ned7 18. Rc1 a4 19. Bf3 a3 20. b3 Ne8 21.
Qd2 Qa5 22. Nb5 Qxd2 23. Bxd2 Nb8 24. Rce1 Na6 25. e5 Nb4 26. Bxb4 cxb4 27. g4 hxg4 28. Bxg4 f5 29. Bf3 Kf7 30. Kg2 Rc8 31. Rh1 Rh8 32. h4 Bh6 33. Kg3 dxe5 34. Rxe5 Bg7 35. Re6 Nc7 36.
Nxc7 Rxc7 37. Rhe1 Bf6 38. Rh1 Rd8 39. h5 gxh5 40.
Bxh5+ Kg7 41. Kf3 Rd6 42. Rg1+ Kh6 43. Bf7 Rxe6 44. Bxe6 b5 45. cxb5 Rc3+ 46. Ke2 Bd4 47. Rh1+ Kg6 48. Rd1 Bb6 49. Rd3 Rc5 50. Rg3+ Kf6 51.
Rh3 Rc2+ 52. Kd3 Rc3+ 53. Kd2 Rxh3 0-1

[Event "Early-Titled-Tuesday-Blitz-May-14-2024"]
[Site "Chess.com"]
[Date "2024.05.14"]
[Round "1"]
[White "Hope_6"]
[Black "NCchamp"]
[Result "1-0"]
[WhiteElo "2630"]
[BlackElo "2310"]
[TimeControl "180+1"]
[EndTime "8:07:42 PDT"]
[Termination "Hope_6 won on time"]

1. e4 c6 2. Nc3 d5 3. Qf3 dxe4 4. Nxe4 Nf6 5. Bc4 Qd4 6. Nxf6+ exf6 7. d3 Bg4 8. Qe3+ Qxe3+ 9. Bxe3 Bd6 10. Ne2 Nd7 11. Nc3 Bb4 12. f3 Bh5 13. Kf2 O-O 14. Rhe1 Rfe8 15.
a3 Bc5 16. Bxc5 Nxc5 17. Ne4 Nxe4+ 18. Rxe4 Bg6 19. Rxe8+ Rxe8 20. g4 f5 21. g5 f4 22.
Re1 Rxe1 23. Kxe1 Kf8 24. Kd2 Ke7 25. d4 f6 26. gxf6+ Kxf6 27. Bd3 Bf5 28. c4 g5 29. b4 h5 30. Ke2 g4 31. Bxf5 Kxf5 32. h4 b5 33. fxg4+ hxg4 34. d5 bxc4 35. dxc6 Ke6 36. h5 c3 37. c7 Kd7 38. h6 c2 39. Kd2 g3 40. h7 g2 41. c8=Q+ Kxc8 42. h8=Q+ Kd7 43. Qg7+ 1-0

[Event "Early-Titled-Tuesday-Blitz-May-14-2024"]
[Site "Chess.com"]
[Date "2024.05.14"]
[Round "1"]
[White "kanzaww"]
[Black "suyu28"]
[Result "0-1"]
[WhiteElo "2492"]
[BlackElo "2853"]
[TimeControl "180+1"]
[EndTime "8:07:43 PDT"]
[Termination "suyu28 won on time"]

1. e4 c6 2. d4 d5 3. e5 c5 4. dxc5 Nc6 5. Nf3 Bg4 6. c3 e6 7. Be3 Nge7 8. Nbd2 Nf5 9. Bd4 Be7 10. Bd3 O-O 11. h3 Bxf3 12. Nxf3 Nfxd4 13. cxd4 b6 14. Qa4 Qc7 15. Bb5 Na5 16. b4 Nc4 17. O-O a5 18.
Bxc4 axb4 19. Qb5 dxc4 20. cxb6 Qb7 21. Qxc4 Qxb6 22. d5 Rfc8 23. Qe4 Qb7 24. Rfd1 Rc5 25. Rab1 Rxd5 26. Rxd5 Qxd5 27. Qxd5 exd5 28. Nd4 Rxa2 29.
Nc6 Bc5 30. Nxb4 Rxf2 31. Kh1 Rd2 32. Na6 Bf8 33. Nc7 d4 34. e6 fxe6 35. Nxe6 Bd6 36.
Kg1 h6 37. Rc1 Kf7 38. Nc7 Kg6 0-1

[Event "Early-Titled-Tuesday-Blitz-May-14-2024"]
[Site "Chess.com"]
[Date "2024.05.14"]
[Round "1"]
[White "penguingm1"]
[Black "RedFirePanda"]
[Result "1-0"]
[WhiteElo "2820"]
[BlackElo "2471"]
[TimeControl "180+1"]
[EndTime "8:07:43 PDT"]
[Termination "penguingm1 won on time"]

1. d4 d5 2. Bf4 Nf6 3. e3 c6 4.
c4 Bf5 5. Nc3 e6 6. Qb3 Qb6 7.
c5 Qxb3 8. axb3 Nbd7 9. b4 Be7 10. b5 O-O 11. bxc6 bxc6 12. Ba6 e5 13. Bg3 Rab8 14.
Ra2 Nh5 15. Nf3 Nxg3 16. hxg3 Bf6 17. dxe5 Nxe5 18. Nd4 Bd7 19. Be2 Rb7 20. O-O Be7 21.
Na4 Rc8 22. Rc1 Rcb8 23. b3 Ng6 24. Ba6 Rc7 25. Nb2 Bf6 26. Ra3 Ne7 27. Nd3 Nf5 28. Ne2 h5 29. b4 g6 30. Rb3 Bc8 31. Bxc8 Rcxc8 32. Ra3 Rc7 33. Ra6 Rb5 34. Rc2 d4 35. e4 Ne7 36. e5 Bg5 37. Nxd4 Rbb7 38. Rca2 Nd5 39. Nxc6 Nc3 40. Rc2 Nd5 41. f4 Bh6 42. Rc4 Bf8 43. Rd4 Ne7 44. Nd8 Rb8 45. e6 f6 46. Nf7 Nc6 47. Rd7 Rbb7 48. Rxc6 Rxc6 49. Rxb7 1-0

[Event "Early-Titled-Tuesday-Blitz-May-14-2024"]
[Site "Chess.com"]
[Date "2024.05.14"]
[Round "1"]
[White "jlf287"]
[Black "temus_galaktionov"]
[Result "0-1"]
[WhiteElo "2510"]
[BlackElo "2889"]
[TimeControl "180+1"]
[EndTime "8:07:44 PDT"]
[Termination "temus_galaktionov won by resignation"]

1. d4 c6 2. e4 g6 3. Nf3 d6 4. h3 Bg7 5. Be3 Nd7 6. Be2 e5 7. c3 Ngf6 8. Nbd2 O-O 9. O-O Qe7 10. Qc2 Re8 11. Bd3 Nh5 12. Rfe1 Nf4 13. Bf1 Qf6 14. dxe5 dxe5 15. Rad1 Nb6 16. a4 Be6 17. a5 Nd7 18. Nh2 h5 19. b4 b5 20. Nb3 Bf8 21. a6 Nb8 22. Na5 Bc8 23. Rd2 Nxa6 24. Red1 Nc7 25.
Bc5 Bxc5 26. bxc5 Re6 27. Rd6 Ne8 28. Rxe6 Qxe6 29. Qd2 Kg7 30. Nf3 a6 31. Ng5 Qf6 32.
h4 Bg4 33. f3 Bc8 34. Qd8 Qxd8 35. Rxd8 Nc7 36. Nxc6 f6 37. Nh3 Bxh3 38. gxh3 Rxd8 39. Nxd8 Nfe6 40. Nxe6+ Nxe6 41. c6 Kf8 42. Kf2 Ke7 43. Ke3 Kd6 44. Bd3 Kxc6 45. Bc2 Nf4 46. Bb3 Nxh3 47. Bf7 Nf4 48. Kd2 Kc5 49. Kc2 a5 50. Kb3 g5 51. hxg5 fxg5 52. Be8 h4 53. Bd7 h3 0-1

[Event "Early-Titled-Tuesday-Blitz-May-14-2024"]
[Site "Chess.com"]
[Date "2024.05.14"]
[Round "1"]
[White "chesslh93"]
[Black "RuperezA"]
[Result "0-1"]
[WhiteElo "2340"]
[BlackElo "2662"]
[TimeControl "180+1"]
[EndTime "8:07:44 PDT"]
[Termination "RuperezA won on time"]

1. e4 e6 2. d4 d5 3. Nd2 Nf6 4. e5 Nfd7 5. Bd3 c5 6. c3 Nc6 7.
Ne2 cxd4 8. cxd4 f6 9. exf6 Qxf6 10. Nf3 Bd6 11. O-O O-O 12. Bg5 Qf7 13. Bh4 e5 14.
Bg3 e4 15. Bxd6 exf3 16. Nc3 fxg2 17. Kxg2 Re8 18. Bg3 Nf6 19. Kg1 Bh3 20. Re1 Rxe1+ 21. Qxe1 Nxd4 22. Qb1 Re8 23. a4 Qh5 24. Qd1 Bg4 25.
Bxh7+ Kxh7 26. Qxd4 Qh3 27. Qf4 Qh6 28. Qxh6+ Kxh6 29.
Kg2 d4 30. Nb5 d3 31. f3 Re2+ 32. Kf1 Bxf3 33. Nd4 Bg2+ 34. Kg1 Rxb2 35. Nf5+ Kh7 36. Ne3 Be4 37. Re1 d2 38. Rf1 Bd3 39. Rd1 Be2 40.
Ra1 Ng4 41. h3 Nxe3 0-1

[Event "Early-Titled-Tuesday-Blitz-May-14-2024"]
[Site "Chess.com"]
[Date "2024.05.14"]
[Round "1"]
[White "Polish_fighter3000"]
[Black "ATM622"]
[Result "1-0"]
[WhiteElo "3099"]
[BlackElo "2545"]
[TimeControl "180+1"]
[EndTime "8:07:45 PDT"]
[Termination "Polish_fighter3000 won by resignation"]

1. e4 c6 2. d3 d5 3. Nd2 e5 4. Ngf3 Nd7 5. g3 Ngf6 6. Bg2 Be7 7. O-O O-O 8. exd5 cxd5 9. Re1 Qc7 10. c4 d4 11. Nxd4 Nc5 12. Nb5 Qd8 13. Nb3 Nxd3 14. Re3 e4 15. Bxe4 Nxe4 16. Rxd3 Qb6 17. Be3 Qg6 18.
Nc7 Rb8 19. Bxa7 Ng5 20. Nd5 Nh3+ 21. Kg2 Bg5 22. Bxb8 Bf5 23. Rf3 Rxb8 24. Rxf5 Qxf5 25. Qf3 Qxf3+ 26. Kxf3 Bd8 27. Re1 Ng5+ 28. Kg2 Ne6 29. Nd4 Ba5 30. Re4 Nxd4 31. Rxd4 Kf8 32. b4 Bd8 33. a4 f5 34. a5 Kf7 35. h4 Ke6 36.
Kf3 Ke5 37. Rd3 Rc8 38. Ne3 g6 39. Rd7 h6 40. Rxb7 Kd4 41. c5 Kc3 42. a6 g5 43.
a7 g4+ 44. Kf4 Ra8 45. Kxf5 Kb3 46. b5 Bc7 1-0

[Event "Early-Titled-Tuesday-Blitz-May-14-2024"]
[Site "Chess.com"]
[Date "2024.05.14"]
[Round "1"]
[White "HajiyevKanan"]
[Black "Alexander_Donchenko"]
[Result "0-1"]
[WhiteElo "2503"]
[BlackElo "2870"]
[TimeControl "180+1"]
[EndTime "8:07:46 PDT"]
[Termination "Alexander_Donchenko won by checkmate"]

1. d4 Nf6 2. Nf3 d5 3. g3 Bf5 4. Bg2 h6 5. O-O e6 6. c4 c6 7. Nc3 Be7 8. b3 O-O 9. Bb2 Nbd7 10. e3 a5 11. Qd2 Ne4 12. Nxe4 Bxe4 13. Rfd1 a4 14.
Bc3 Qb6 15. c5 Qc7 16. b4 Rfe8 17. a3 Bf6 18. Qb2 b6 19. Rac1 Rab8 20. Qa1 Re7 21. Ne1 Bxg2 22. Nxg2 bxc5 23. dxc5 e5 24. Ne1 e4 25.
Bxf6 Nxf6 26. Qb2 Qd7 27. Kg2 h5 28. h4 Ng4 29. Qc2 Qf5 30. Rd2 Re6 31. Qxa4 Rf6 32. Qc2 g5 33. hxg5 Qxg5 34. Qb2 h4 35. Nc2 Nxf2 36.
Qxf6 Qxf6 37. Rxf2 Qg5 38. Rg1 hxg3 39. Rf4 Kg7 40.
Rh1 f5 41. Rh3 Kf7 42. Rxg3 Qh5 43. Nd4 Kf6 44. Rxf5+ Qxf5 45. Nxf5 Kxf5 46. Rg7 Ra8 47. Rc7 Rxa3 48. Rxc6 Rxe3 49. b5 Re2+ 50. Kf1 Rb2 51. b6 d4 52. Rd6 d3 53. c6 Rxb6 54. Rd5+ Kf4 55. Rc5 Rb1+ 56. Kg2 d2 57. c7 d1=Q 58. Rf5+ Ke3 59. c8=Q Qh1+ 60. Kg3 Rg1# 0-1

[Event "Early-Titled-Tuesday-Blitz-May-14-2024"]
[Site "Chess.com"]
[Date "2024.05.14"]
[Round "1"]
[White "SuperJesus88"]
[Black "pheonixking2000"]
[Result "1-0"]
[WhiteElo "2508"]
[BlackElo "2838"]
[TimeControl "180+1"]
[EndTime "8:07:46 PDT"]
[Termination "SuperJesus88 won by resignation"]

1. e4 e6 2. d4 d5 3. Nd2 c5 4. exd5 Qxd5 5. Ngf3 cxd4 6. Bc4 Qd6 7. O-O Nf6 8. Nb3 Nc6 9. Nbxd4 Nxd4 10. Qxd4 Qxd4 11.
Nxd4 Bd7 12. Re1 Bc5 13. Nb3 Bb6 14. Be3 Bxe3 15. Rxe3 Ke7 16. c3 Rac8 17. Be2 Rhd8 18. Bf3 Bc6 19. Bxc6 Rxc6 20. Kf1 Rb6 21. Re2 Nd5 22. g3 Rc8 23. Rd1 Kf6 24. Ke1 Ra6 25. a3 Rb6 26. Nd4 a5 27. f4 a4 28. Nf3 Rc7 29. Ne5 h5 30. Rd4 Ra6 31. Ree4 b5 32. Re2 g6 33. Kf2 Rb6 34. Kf3 Rd6 35. Red2 Rb6 36. h3 Ke7 37. g4 hxg4+ 38. hxg4 Rb8 39.
Rh2 Nf6 40. g5 Nh5 41. Rhd2 Rbc8 42. Rb4 Rb7 43. c4 Rc5 44. cxb5 Rcxb5 45. Rxa4 Rb3+ 46. Rd3 Rxb2 47. Ra8 Rc7 48. Rad8 Ng7 49. R8d7+ Rxd7 50. Rxd7+ Ke8 51. Rxf7 Rb3+ 52. Kf2 Nf5 53. Ra7 Rb2+ 54. Ke1 Nd4 55. Nxg6 Rh2 56. Ne5 Nf5 57. a4 Rh4 58. Ra8+ Ke7 59. Ng6+ 1-0

[Event "Early-Titled-Tuesday-Blitz-May-14-2024"]
[Site "Chess.com"]
[Date "2024.05.14"]
[Round "1"]
[White "wild3000"]
[Black "kingofthenil"]
[Result "1-0"]
[WhiteElo "2504"]
[BlackElo "2833"]
[TimeControl "180+1"]
[EndTime "8:07:46 PDT"]
[Termination "wild3000 won by resignation"]

1. d4 d5 2. Nf3 Bg4 3. e3 e6 4. Be2 Nd7 5. O-O Bd6 6. c4 c6 7. Nc3 f5 8. a3 Ngf6 9. b4 O-O 10. Bb2 Ne4 11. c5 Bc7 12. Nxe4 fxe4 13. Ne5 Bxe2 14. Qxe2 Nxe5 15. dxe5 Qg5 16. b5 Bxe5 17. bxc6 bxc6 18. Bxe5 Qxe5 19. Qa6 Qc7 20. Rab1 Rab8 21. Rb4 Rxb4 22. axb4 Rb8 23. Rb1 Rb5 24. h4 Kf7 25. h5 Ke7 26.
Qa1 Kf7 27. g3 h6 28. Kg2 e5 29. Rb2 Qe7 30. Ra2 Rb7 31. Ra6 Rc7 32. Qa2 Kg8 33. Qa4 Qd7 34. Qa1 Qf5 35. Rxa7 Qf3+ 36. Kg1 Rxa7 37. Qxa7 Qd1+ 38. Kg2 Qf3+ 39. Kg1 d4 40. Qa8+ Kh7 41. Qxc6 Qf5 42. exd4 exd4 43. Qg6+ Qxg6 44. hxg6+ Kxg6 45. c6 d3 46. Kf1 Kf7 47. c7 d2 48.
Ke2 Ke7 49. c8=Q d1=Q+ 50. Kxd1 1-0